 Dungeon Crawl Stone Soup version 0.28.0 (webtiles) character file.

Game seed: 6934502683851393930

119 themarg the Conjurer (level 4, 0/34 HPs)
             Began as a Draconian Conjurer on Feb 5, 2022.
             Slain by a sky beast (5 damage)
             ... on level 5 of the Dungeon.
             The game lasted 00:22:21 (4339 turns).

themarg the Conjurer (Draconian Conjurer)           Turns: 4339, Time: 00:22:22

Health: 0/34       AC:  5    Str:  9    XL:     4   Next: 73%
Magic:  6/8        EV: 12    Int: 21    God:
Gold:   96         SH:  0    Dex:  9    Spells: 5/8 levels left

rFire   . . .      SeeInvis .   h - +3 short sword
rCold   . . .      Faith    .   (no shield)
rNeg    . . .      Spirit   .   (armour unavailable)
rPois   .          Reflect  .   (helmet restricted)
rElec   .          Harm     .   (no cloak)
rCorr   .          Rampage  .   (no gloves)
Will    .....                   (no boots)
Stlth   ++........              (no amulet)
HPRegen 0.11/turn               (no ring)
MPRegen 0.11/turn               (no ring)

@: no status effects
A: AC +5, unfitting armour, cold-blooded
a: no special abilities


You were on level 5 of the Dungeon.
You visited 1 branch of the dungeon, and saw 5 of its levels.

You collected 96 gold pieces.

Inventory:

Hand Weapons
 a - a +0 hand axe
 h - a +3 short sword (weapon)
Armour
 l - a +0 scale mail
Jewellery
 j - a +6 ring of intelligence
Scrolls
 b - 2 scrolls of amnesia {unknown}
 d - a scroll of vulnerability {unknown}
 g - a scroll of identify {unknown}
 k - 3 scrolls of immolation {unknown}
 m - a scroll of enchant weapon {unknown}
 n - 2 scrolls of brand weapon {unknown}
 p - a scroll of fog {unknown}
 r - a scroll of noise {unknown}
 t - a scroll of teleportation {unknown}
Potions
 c - a potion of magic {unknown}
 e - a potion of attraction {unknown}
 f - a potion of brilliance {unknown}
 i - a potion of ambrosia {unknown}
 o - a potion of berserk rage {unknown}
 q - a potion of heal wounds {unknown}
 s - 2 potions of invisibility {unknown}


   Skills:
 + Level 0.6 Fighting
 + Level 0.9 Short Blades
 + Level 0.2 Axes
 + Level 2.3 Dodging
 + Level 2.3 Stealth
 + Level 2.7 Spellcasting
 + Level 4.9 Conjurations


You had 5 spell levels left.
You knew the following spells:

 Your Spells              Type           Power      Damage    Failure   Level
a - Magic Dart            Conj           92%        1d7       1%          1
b - Searing Ray           Conj           46%        2d6       2%          2

Your spell library contained the following spells:

 Spells                   Type           Power      Damage    Failure   Level
 Dazzling Flash           Conj/Hex       26%        N/A       16%         3
 Fulminant Prism          Conj/Hex       6%         3d7       45%         4
 Iskenderun's Mystic Bla  Conj/Tloc      13%        2d5       45%         4


Dungeon Overview and Level Annotations

Branches:
Dungeon (5/15)
 Temple: D:4-7

Altars:

Shops:
D:4 *[

Annotations:
D:3 Terence
D:4 Edmund, Grinder, Menkaure


Innate Abilities, Weirdness & Mutations

Your plain brown scales are hard. (AC +5)
You cannot fit into any form of body armour.
You are cold-blooded and may be slowed by cold attacks.


Message History

s - a viscous coppery potion
Found 33 arrows and a robe.
You now have 83 gold pieces (gained 1).
Found a cloak.
Found a stone staircase leading down.
s - 2 viscous coppery potions (gained 1)
You now have 94 gold pieces (gained 11).
You open the door.
There is an open door here.
You now have 96 gold pieces (gained 2).
t - a scroll labelled UMIBETURPHE A sky beast comes into view.
Casting: Searing Ray (safe; 2% risk of failure)
Confirm with . or Enter, or press ? or * to list all spells.
Aiming: Searing Ray (safe; 2% risk of failure)
Press: ? - help, Shift-Dir - straight line, f - sky beast
Aim: a sky beast (wandering, hasn't noticed you, 69% to hit)
The searing ray misses the sky beast. (Press . to maintain the ray.)
The searing ray hits the sky beast.
The sky beast is lightly wounded.
The sky beast flickers out of sight!
Deactivating autopickup; reactivate with Ctrl-A.
Something hits you. Something shocks you.
You closely miss something.
Your tail-slap misses something.
Something hits you but does no damage. Something completely misses you.
You miss something.
Your tail-slap misses something.
Something hits you. Something shocks you.
You hit something. You tail-slap something.
Something hits you but does no damage.
You closely miss something. Something completely misses you.
You miss something.
Your tail-slap misses something.
Something hits you. Something shocks you.
You miss something. Something hits you. Something shocks you.
* * * LOW HITPOINT WARNING * * *
You miss something. Something barely misses you.
You barely miss something. Something hits you.
* * * LOW HITPOINT WARNING * * *
Something shocks you.
You die...

#..#.##########
#..#.#### #.
#.#..
##.####.#.#
........#.#
##........#
#######..# #..#
#.@# #.{# #...
#.### #.# #.#
#.# #.


There were no monsters in sight!

Vanquished Creatures
  4 adders
  An adder skeleton (D:4)
  3 worms
  2 dart slugs
  An orc (D:3)
  5 endoplasms
  2 giant cockroaches (D:2)
  4 goblins
  4 hobgoblins
  8 jackals
  5 kobolds
  2 quokkas (D:1)
  8 ball pythons
  6 bats
  2 frilled lizards (D:2)
  6 rats
63 creatures vanquished.

Notes
Turn   | Place    | Note
-------+----------+-------------------------------------------
     0 | D:1      | themarg the Draconian Conjurer began the quest for the Orb.
     0 | D:1      | Reached XP level 1. HP: 14/14 MP: 3/3
   460 | D:1      | Reached XP level 2. HP: 20/20 MP: 1/5
  1639 | D:2      | Reached XP level 3. HP: 26/26 MP: 2/6
  2038 | D:2      | Identified the +4 dagger of the Volcano {vorpal, rPois rN+
                  | Dex+4}
  2378 | D:2      | Reached XP level 4. HP: 29/34 MP: 2/7
  2966 | D:3      | Noticed Terence
  3515 | D:4      | Noticed Edmund
  3736 | D:4      | Learned a level 2 spell: Searing Ray
  3736 | D:4      | Found a glowing drain.
  3739 | D:4      | Noticed Grinder
  3920 | D:4      | Found Yntehaun's Assorted Antiques.
  3949 | D:4      | Found Arihaeqi's Armour Boutique.
  3956 | D:4      | Noticed Menkaure
  3961 | D:4      | HP: 1/34 [Menkaure/nerve-wracking pain (8)]
  3992 | D:5      | Entered Level 5 of the Dungeon
  4328 | D:5      | Noticed a sky beast
  4339 | D:5      | Slain by a sky beast

Illustrated notes

Levels and vault maps discovered:
D:1:      giann_wishing_wells, layout_basic, chequers_serial_rivers_small_3
D:2:      layout_basic
D:3:      layout_basic, lemuel_tele_altar, kennysheep_cross_room,
          minmay_misc_feat_iff, uniq_terence, uniq_jessica
D:4:      minmay_skewed_foursquare, layout_basic, led_sif_pool, serial_shops,
          kennysheep_mini_moat, nicolae_shop_behind_doors,
          nicolae_shop_advertising_works [nicolae_subvault_shop_adworks],
          portal_sewer_entry_a, uniq_grinder, uniq_edmund, uniq_menkaure
D:5:      layout_basic, nzn_hepliaklqana_mist_gate, grunt_gozag_breadcrumbs

Skill      XL: |  1  2 |
---------------+-------+-----
Dodging        | 2 |  2.3
Stealth        | 2 |  2.3
Fighting       | |  0.6
Short Blades   | |  0.9
Axes           | |  0.2
Spellcasting   | |  2.7
Conjurations   | |  4.9

Action                   |  1- 3 |  4- 6 || total
-------------------------+-------+-------++-------
Melee: Unarmed           |     7 |       ||     7
       Hand axe          |    10 |       ||    10
       Tailslap          |     1 |     5 ||     6
       Short sword       |    18 |    49 ||    67
       Punch             |       |     1 ||     1
 Cast: Magic Dart        |    82 |    32 ||   114
       Searing Ray       |       |     2 ||     2
 Stab: Sleeping          |       |     1 ||     1
Armor: Skin              |    31 |    22 ||    53
Dodge: Dodged            |    42 |    54 ||    96
